 Dungeon Crawl Stone Soup version 0.28-a0-1143-gcf6077d4cc (webtiles) character file.

Game seed: 531508584929240485

1858 spaghetti the Bolt Thrower (level 9, -2/73 HPs)
             Began as a Naga Hunter on Dec 14, 2021.
             Was an Initiate of Uskayaw.
             Slain by a yak (14 damage)
             ... on level 7 of the Dungeon.
             The game lasted 00:15:16 (8006 turns).

spaghetti the Bolt Thrower (Naga Hunter)            Turns: 8006, Time: 00:15:17

Health: -2/73      AC:  8    Str: 19    XL:     9   Next: 13%
Magic:  10/13      EV:  9    Int: 11    God:    Uskayaw [......]
Gold:   309        SH:  0    Dex: 12    Spells: 8/8 levels left

rFire   . . .      SeeInvis +   b - +2 falchion (vamp) {long}
rCold   . . .      Faith    .   (no shield)
rNeg    . . .      Spirit   .   r - +2 leather armour {rPois}
rPois   +          Reflect  .   (no helmet)
rElec   .          Harm     .   z - +1 cloak
rCorr   .          Rampage  .   (no gloves)
Will    +....                   (no barding)
Stlth   +++.......              w - amulet of regeneration {@e2}
HPRegen 1.02/turn               (no ring)
MPRegen 0.13/turn               (no ring)

@: invisible, very slow
A: AC +3, large, see invisible, deformed body, poison resistance, slowness 2,
spit poison 1, naga tail 1
a: Spit Poison, Renounce Religion


You were on level 7 of the Dungeon.
You worshipped Uskayaw.
Uskayaw was noncommittal.
You visited 1 branch of the dungeon, and saw 7 of its levels.

You collected 309 gold pieces.


Innate Abilities, Weirdness & Mutations

Your serpentine skin is tough. (AC +3)
You have supernaturally acute eyesight. (SInv)
Armour fits poorly on your strangely shaped body.
Your system is resistant to poisons. (rPois)
You cover ground very slowly.
You can spit poison.
You have a snake-like lower body.


   Skills:
 - Level 2.0 Fighting
 - Level 2.9(3.9) Short Blades
 + Level 4.0(4.5) Long Blades
 + Level 7.8 Crossbows
 + Level 1.2 Armour
 - Level 1.5 Dodging
 + Level 6.4 Stealth
 + Level 5.5 Invocations


You had 8 spell levels left.
You didn't know any spells.
Your spell library contained the following spells:

 Spells                   Type           Power      Damage    Failure   Level
 Sublimation of Blood     Necr           0%         N/A       54%         2
 Inner Flame              Hex/Fire       0%         N/A       77%         3
 Animate Dead             Necr           0%         N/A       99%         4
 Cause Fear               Hex            0%         N/A       99%         4
 Petrify                  Tmut/Erth      0%         N/A       99%         4
 Irradiate                Conj/Tmut      0%         3d13      100%        5
 Haunt                    Necr/Summ      0%         N/A       100%        7
 Discord                  Hex            0%         N/A       100%        8
 Infestation              Necr           0%         N/A       100%        8

Inventory:

Hand Weapons
 a - a +2 hand crossbow {crossbow}
 b - a +2 vampiric falchion (weapon) {long}
   (You took it off Eustachio on level 4 of the Dungeon)
 k - a +1 demon blade of draining {long}
   (You acquired it on level 7 of the Dungeon)
Missiles
 d - 2 bolts
 f - a throwing net (quivered) {=f!fthrowing}
 h - 41 sling bullets
 i - 159 stones {throwing}
 o - 65 poisoned darts {throwing}
 q - 114 arrows
 u - 6 datura-tipped darts {throwing}
Armour
 c - a +0 leather armour
 r - a +2 leather armour of poison resistance (worn)
   (You found it on level 2 of the Dungeon)
 z - a +1 cloak (worn)
   (You found it on level 6 of the Dungeon)
 B - a +3 leather armour
   (You took it off an orc on level 6 of the Dungeon)
Magical Staves
 l - a staff of fire {!astaff}
   (You found it on level 1 of the Dungeon)
Jewellery
 w - an amulet of regeneration (around neck) {@e2}
   (You found it on level 5 of the Dungeon)
Wands
 x - a wand of polymorph (11)
   (You found it on level 5 of the Dungeon)
Scrolls
 e - a scroll of silence {!r}
 g - a scroll of vulnerability {!r!r}
 j - a scroll of teleportation {@r4}
 n - a scroll of amnesia
 t - 3 scrolls of fog {unknown}
 v - 2 scrolls of enchant armour {unknown}
Potions
 m - a potion of brilliance
 p - 2 potions of invisibility
 s - a potion of ambrosia

Dungeon Overview and Level Annotations

Branches:
Dungeon (7/15)             Temple (0/1) D:5

Altars:
Ashenzari
Uskayaw

Annotations:
D:5 1 runed translucent door, flotson's ghost, novice DsGl

.....................#.... ..
..###...................# ...
..###...................#....
#.##.......................
#.#.....................#
............##........###
............###..?....###..#
.........)..##.YYY.........#
....#...#.#.....@Y.......###
....#######......Y.....###
....## #...#...........
.....######.###...........
.........#...>#....$.....##
.............>........#...
........##..........####...
........###.....#.....#
........##.###.##......


You could see 5 yaks.


Message History

You take 29 damage, and now have 23/73 hp.
MASSIVE DAMAGE!! (PAUSE)
Aiming: Spit Poison (1% risk of failure)
Press: ? - help, Shift-Dir - straight line, f - wyvern
Aim: a wyvern (moderately wounded)
The splash of poison hits the wyvern!
The wyvern bites you but does no damage.
You can now pass through a line of other dancers. 😨 HP[+1] Unknown command.
Unknown command.
Okay, then.
You hit the wyvern.
You feel better. The wyvern bites you!
* * * LOW HITPOINT WARNING * * *
The wyvern bites you but does no damage. 😨 HP[-5]
You take 5 damage, and now have 19/73 hp.
Unknown command.
You slash the wyvern!
You feel better.
You kill the wyvern!
You have got your breath back.
Your Long Blades skill increases to level 4!
Your Armour skill increases to level 1! 😨 HP[+4]
You regained 4 hp, and now have 23/73 hp.
Unknown command.
You start resting.
You hear the loud creaking of a very distant portcullis.
You hear the loud creaking of a very distant portcullis. 😎 HP[+50]
Your hp is fully restored (73).
Unknown command.
You hear the loud creaking of a distant portcullis.
The portcullis has been lowered almost to the ground.
The walls and floor vibrate strangely for a moment.
Found a stone staircase leading down.
No target in view!
There is a stone staircase leading down here.
The yak bellows!
The yak bellows! x2
The yak gores you. x2 😕 HP[-5]
You take 5 damage, and now have 68/73 hp.
You hit the yak.
You feel better. The yak gores you but does no damage. The yak gores you. x2
You barely miss the yak. The yak gores you but does no damage.
The yak gores you. x2
You hit the yak.
You feel better. The yak completely misses you. The yak gores you.
The yak gores you! x2
You are too injured to fight recklessly!
You are too injured to fight recklessly!
You are too injured to fight recklessly!
You are too injured to fight recklessly!
You are too injured to fight recklessly!
You are too injured to fight recklessly!
You are too injured to fight recklessly!
You are too injured to fight recklessly!
You are too injured to fight recklessly!
You are too injured to fight recklessly! 😮 HP[-27]
You take 27 damage, and now have 41/73 hp.
MASSIVE DAMAGE!! (PAUSE)
The yak gores you.
Okay, then.
Okay, then.
Okay, then.
Okay, then.
You fade into invisibility!
The yak gores you. x2
* * * LOW HITPOINT WARNING * * *
The yak barely misses you. The yak misses you. 😨 HP[-5]
You take 5 damage, and now have 36/73 hp.
Unknown command.
Unknown command.
What are your orders? t - Shout!
Orders for allies: a - Attack new target. r - Retreat! s - Stop attacking. g - Guard the area. f - Follow me.
Anything else - Cancel.
You shout for attention!
The yak closely misses you. The yak gores you!
* * * LOW HITPOINT WARNING * * *
The yak gores you.
* * * LOW HITPOINT WARNING * * *
The yak gores you but does no damage. 😨 HP[-9]
You take 9 damage, and now have 27/73 hp.
Unknown command.
You stomp with the beat, sending a shockwave through the revellers around you!
You can no longer stomp with the beat.
The yak gores you!
* * * LOW HITPOINT WARNING * * *
The yak gores you.
* * * LOW HITPOINT WARNING * * *
The yak gores you.
* * * LOW HITPOINT WARNING * * *
The yak gores you!
You die...

Skill      XL: |  1  2  3  4  5  6  7  8  9 |
---------------+----------------------------+-----
Crossbows      | 4 5 6 7 |  7.8
Short Blades   | 1 2 |  2.9
Invocations    | 1 3 5 |  5.5
Long Blades    | 1 3 4 |  4.0
Stealth        | 3 6 |  6.4
Armour         | 1 |  1.2
Fighting       | |  2.0
Dodging        | |  1.5

Action                   |  1- 3 |  4- 6 |  7- 9 || total
-------------------------+-------+-------+-------++-------
Melee: Short sword       |       |    34 |       ||    34
       Dagger            |       |    27 |       ||    27
       Falchion          |       |       |   227 ||   227
 Fire: Hand crossbow     |    93 |    41 |     3 ||   137
Invok: Stomp             |       |     4 |     2 ||     6
 Abil: Spit Poison       |     5 |    19 |    18 ||    42
Evoke: Wand              |       |       |     9 ||     9
  Use: Scroll            |     4 |     1 |     8 ||    13
       Potion            |       |     5 |     8 ||    13
 Stab: Paralysed         |       |       |     2 ||     2
       Sleeping          |       |       |     3 ||     3
Armor: Leather armour    |     5 |    54 |   172 ||   231
Dodge: Dodged            |    20 |    48 |   177 ||   245

Levels and vault maps discovered:
D:1:      sevenhm_arrival_forest_fort_large_4, layout_rooms
D:2:      layout_loops_corners, chequers_ecumenical_altar_simple, basic_altar
D:3:      layout_loops_corners, nicolae_uskayaw_dance_hall,
          kennysheep_small_spiral
D:4:      layout_cave_pods, serial_glass, glass_columns_c, glass_columns_c,
          uniq_eustachio, uniq_pargi
D:5:      layout_basic, minmay_temple_entry_fiery, gammafunk_ghost_grave
D:6:      layout_loops_ring, lightli_orcish_oven
D:7:      layout_cave_pools, enter_bailey_4, uniq_prince_ribbit1

Notes
Turn   | Place    | Note
-------+----------+-------------------------------------------
     0 | D:1      | spaghetti the Naga Hunter began the quest for the Orb.
     0 | D:1      | Reached XP level 1. HP: 19/19 MP: 1/1
     0 | D:1      | magus.rc [v1.9.6]
   307 | D:1      | Reached skill level 4 in Crossbows
   307 | D:1      | Reached XP level 2. HP: 26/26 MP: 2/2
   694 | D:1      | You pick up a book of Hexes and begin reading...
   694 | D:1      | You add the spells Inner Flame, Cause Fear and Discord to
                  | your library.
   838 | D:1      | Reached XP level 3. HP: 32/32 MP: 3/3
  1364 | D:2      | Found a broken altar of Ashenzari.
  1604 | D:2      | Found a faded altar of an unknown god.
  1724 | D:2      | Reached skill level 5 in Crossbows
  1726 | D:2      | Reached XP level 4. HP: 39/39 MP: 4/4
  2129 | D:3      | HP: 8/39 [orc wizard/puff of flame (11)]
  2136 | D:3      | HP: 1/39 [orc wizard/puff of flame (9)]
  2139 | D:3      | Reached XP level 5. HP: 2/45 MP: 5/5
  2756 | D:3      | Found a hide-covered altar of Uskayaw.
  2877 | D:3      | Became a worshipper of Uskayaw the Reveller
  3105 | D:3      | Reached * piety under Uskayaw
  3107 | D:3      | Reached ** piety under Uskayaw
  3108 | D:3      | Reached skill level 6 in Crossbows
  3896 | D:4      | Reached skill level 1 in Short Blades
  3896 | D:4      | Reached skill level 1 in Invocations
  3896 | D:4      | Reached XP level 6. HP: 40/52 MP: 6/6
  3903 | D:4      | Noticed Pargi
  3916 | D:4      | Killed Pargi
  4265 | D:4      | Reached skill level 2 in Short Blades
  4402 | D:4      | Reached skill level 2 in Invocations
  4573 | D:4      | Noticed Eustachio
  4596 | D:4      | HP: 11/52 [quokka[Eustachio] (4)]
  4599 | D:4      | HP: 5/52 [quokka[Eustachio] (2)]
  4600 | D:4      | HP: 1/52 [Eustachio (2)]
  4601 | D:4      | Killed Eustachio
  4602 | D:4      | Reached skill level 3 in Invocations
  4602 | D:4      | Reached XP level 7. HP: 1/60 MP: 2/9
  5269 | D:4      | HP: 12/60 [iguana (9)]
  5272 | D:4      | Reached skill level 1 in Long Blades
  5768 | D:4      | You pick up a book of Alchemy and begin reading...
  5768 | D:4      | You add the spells Sublimation of Blood, Petrify and
                  | Irradiate to your library.
  6017 | D:5      | Entered Level 5 of the Dungeon
  6072 | D:5      | You pick up a book of Death and begin reading...
  6072 | D:5      | You add the spells Animate Dead, Haunt and Infestation to
                  | your library.
  6091 | D:5      | Found a runed translucent door.
  6091 | D:5      | Noticed flotson's ghost (novice DsGl)
  6325 | D:5      | Reached skill level 2 in Stealth
  6475 | D:5      | Reached skill level 7 in Crossbows
  6541 | D:5      | Reached skill level 3 in Stealth
  6541 | D:5      | Reached XP level 8. HP: 59/67 MP: 10/10
  6609 | D:5      | Found a staircase to the Ecumenical Temple.
  6766 | D:6      | Reached *** piety under Uskayaw
  6767 | D:6      | Reached skill level 2 in Long Blades
  6767 | D:6      | Reached skill level 4 in Invocations
  6969 | D:6      | Reached skill level 4 in Stealth
  7326 | D:6      | You fall into a shaft and drop 1 floor!
  7331 | D:7      | Noticed a yak
  7331 | D:7      | Noticed a yak
  7332 | D:7      | Noticed a yak
  7334 | D:7      | Noticed a yak
  7335 | D:7      | Noticed a yak
  7523 | D:7      | Reached skill level 3 in Long Blades
  7523 | D:7      | Reached skill level 5 in Stealth
  7608 | D:7      | Noticed Prince Ribbit
  7620 | D:7      | Killed Prince Ribbit
  7621 | D:7      | Reached skill level 5 in Invocations
  7642 | D:7      | HP: 16/67 [centaur (4)]
  7814 | D:7      | Reached skill level 6 in Stealth
  7814 | D:7      | Reached XP level 9. HP: 73/73 MP: 11/13
  7885 | D:7      | Identified a scroll of acquirement
  7885 | D:7      | Acquired a +1 demon blade of draining
  7901 | D:7      | Reached skill level 4 in Long Blades
  7901 | D:7      | Reached skill level 1 in Armour
  8006 | D:7      | HP: 18/73 [yak (1)]
  8006 | D:7      | Slain by a yak

Vanquished Creatures
  Prince Ribbit (D:7)
  Eustachio (D:4)
  A wyvern (D:7)
  Pargi (D:4)
  A sky beast (D:6)
  2 black bears (D:5)
  2 centaurs (D:7)
  A phantom (D:6)
  A kobold brigand (D:6)
  A bullfrog (D:7)
  A scorpion (D:4)
  A howler monkey (D:4)
  A centaur zombie (D:5)
  3 jellies
  A hound (D:6)
  2 orc priests (D:3)
  2 centaur skeletons (D:7)
  2 iguanas
  3 orc wizards
  4 adders
  2 white imps (D:7)
  An adder skeleton (D:4)
  3 worms
  A dart slug (D:3)
  22 orcs
  7 ball pythons
  8 bats
  4 endoplasms
  3 giant cockroaches
  4 goblins
  7 hobgoblins
  2 jackals (D:4)
  14 kobolds
  3 quokkas
  3 frilled lizards
  3 rats (D:2)
119 creatures vanquished.

Vanquished Creatures (others)
  2 withered plants (D:5)
2 creatures vanquished.

Grand Total: 121 creatures vanquished

Table legend:
 A = Non-vault XP
 B = Vault XP
 C = Vault XP percentage of total XP
 D = Non-vault monster count
 E = Vault monster count
 F = Vault count percentage of total count
                 A         B        C        D         E       F
            +---------+---------+-------+---------+---------+-------
      Total |    2018 |     637 |  24.0 |     111 |       8 |   6.7
            +---------+---------+-------+---------+---------+-------
        D:1 |      34 |       0 |   0.0 |      21 |       0 |   0.0
        D:2 |      52 |       0 |   0.0 |      20 |       0 |   0.0
        D:3 |     198 |       0 |   0.0 |      21 |       0 |   0.0
        D:4 |     301 |     339 |  53.0 |      16 |       2 |  11.1
        D:5 |     284 |       0 |   0.0 |       3 |       0 |   0.0
        D:6 |     496 |      15 |   2.9 |      21 |       5 |  19.2
        D:7 |     653 |     283 |  30.2 |       9 |       1 |  10.0
            +---------+---------+-------+---------+---------+-------

Illustrated notes

Table legend:
 A = Kills in this place as a percentage of kills in entire the game.
 B = Kills by you in this place as a percentage of kills by you in the entire game.
 C = Kills by friends in this place as a percentage of kills by friends in the entire game.
 D = Other kills in this place as a percentage of other kills in the entire game.
 E = Experience gained in this place as a percentage of experience gained in the entire game.
 F = Experience gained in this place divided by the number of levels of this place that you have seen.
                   A       B       C       D       E      F
               +-------+-------+-------+-------+-------+----------------------
         Total | 100.0 | 100.0 |   N/A |   N/A | 100.0 | 379.3
       Dungeon | 100.0 | 100.0 |   N/A |   N/A | 100.0 | 379.3
               +-------+-------+-------+-------+-------+----------------------

Table legend: (Time is in decaauts)
 A = Elapsed time spent in this place.
 B = Non-inter-level travel time spent in this place.
 C = Inter-level travel time spent in this place.
 D = Time resting spent in this place.
 E = Time spent auto-exploring this place.
 F = Levels seen in this place.
 G = Mean time per level.
                   A        B        C        D        E       F      G
               +--------+--------+--------+--------+--------+-----+--------+
         Total |   9753 |   9381 |    372 |   2397 |   5843 |   7 | 1393.3 |
       Dungeon |   9753 |   9381 |    372 |   2397 |   5843 |   7 | 1393.3 |
               +--------+--------+--------+--------+--------+-----+--------+

Top non-repeatable levels by time:
     D:4: 2712 daAuts
     D:3: 1955 daAuts
     D:2: 1420 daAuts
     D:1: 1178 daAuts
     D:5: 946 daAuts
     D:6: 773 daAuts
     D:7: 765 daAuts
